 Dungeon Crawl Stone Soup version 0.28.0-53-g5a82cb258f (webtiles) character file.

Game seed: 18277053333537823071

1911 mcbry74 the Cleaver (level 9, -8/71 HPs)
             Began as a Hill Orc Fighter on July 3, 2022.
             Killed by nerve-wracking pain
             ... invoked by Menkaure
              (11 damage)
             ... on level 6 of the Dungeon.
             The game lasted 00:12:04 (5756 turns).

mcbry74 the Cleaver (Hill Orc Fighter)              Turns: 5756, Time: 00:12:05

Health: -8/71      AC: 17    Str: 27    XL:     9   Next: 16%
Magic:  9/9        EV:  9    Int: 10    God:
Gold:   273        SH:  4    Dex: 10    Spells: 8/8 levels left

rFire   + . .      SeeInvis .   a - +0 war axe
rCold   . . .      Faith    .   c - +0 buckler
rNeg    . . .      Spirit   .   b - +0 scale mail
rPois   +          Reflect  .   x - +2 helmet
rElec   .          Harm     .   D - +0 cloak
rCorr   .          Rampage  +   s - +0 pair of gloves
Will    .....                   G - +1 pair of boots "Guelofronk" {Rampage rPois}
Stlth   ..........              (no amulet)
HPRegen 0.21/turn               z - ring of protection from fire
MPRegen 0.11/turn               L - +6 ring of strength

@: no status effects
A: no striking features
a: no special abilities


You were on level 6 of the Dungeon.
You visited 1 branch of the dungeon, and saw 6 of its levels.

You collected 273 gold pieces.

Inventory:

Hand Weapons
 a - a +0 war axe (weapon)
Missiles
 f - 166 stones (quivered)
 g - 16 poisoned darts
 h - 2 throwing nets
 w - 2 javelins
Armour
 b - a +0 scale mail (worn)
 c - a +0 buckler (worn)
 s - a +0 pair of gloves (worn)
 x - a +2 helmet (worn)
 D - a +0 cloak (worn)
 G - the +1 pair of boots "Guelofronk" (worn) {Rampage rPois}
   (You found it on level 6 of the Dungeon)

   rPois:     It protects you from poison.
   Rampage:   It bestows one free step when moving towards enemies.
 J - a +0 tower shield
Jewellery
 i - an amulet of guardian spirit
 z - a ring of protection from fire (left hand)
 L - a +6 ring of strength (right hand)
Wands
 B - a wand of acid (1)
 E - a wand of paralysis (8)
 H - a wand of flame (30)
 I - a wand of iceblast (7)
Scrolls
 e - 2 scrolls of magic mapping {unknown}
 j - a scroll of fear {unknown}
 p - 4 scrolls of identify {unknown}
 r - a scroll of vulnerability {unknown}
 t - a scroll of torment {unknown}
 u - a scroll of enchant weapon {unknown}
 v - a scroll of teleportation {unknown}
 y - a scroll of fog {unknown}
 A - a scroll of enchant armour {unknown}
 K - a scroll of blinking {unknown}
Potions
 d - 4 potions of might
 k - a potion of berserk rage
 l - a potion of degeneration {unknown}
 m - a potion of heal wounds {unknown}
 n - a potion of curing {unknown}
 o - a potion of cancellation {unknown}
 q - a potion of ambrosia
 C - a potion of lignification {unknown}
 F - a potion of brilliance {unknown}


   Skills:
 - Level 4.0 Fighting
 + Level 10.8 Axes
 + Level 9.4 Armour
 - Level 4.0 Shields


You had 8 spell levels left.
You didn't know any spells.
Your spell library contained the following spells:

 Spells                   Type           Power      Damage    Failure   Level
 Beastly Appendage        Tmut           0%         N/A       67%         1
 Foxfire                  Conj/Fire      0%         2x1d4     67%         1
 Wereblood                Tmut           0%         N/A       82%         2
 Conjure Flame            Conj/Fire      0%         6-21      96%         3
 Inner Flame              Hex/Fire       0%         N/A       96%         3
 Spider Form              Tmut/Pois      0%         N/A       96%         3
 Flame Wave               Conj/Fire      0%         2d4       100%        4


Dungeon Overview and Level Annotations

Branches:
Dungeon (6/15)
 Temple: D:4-7

Altars:
Yredelemnul

Shops:
D:2 *

Annotations:
D:6 Menkaure


Message History

You rampage towards Menkaure!
You rampage towards Menkaure!
Menkaure mumbles some strange words.
Menkaure seems to speed up.
You rampage towards Menkaure!
You barely miss Menkaure. Menkaure hits you but does no damage.
You completely miss Menkaure. You block Menkaure's attack.
You slash Menkaure!
Menkaure is heavily damaged.
Menkaure hits you but does no damage.
You barely miss Menkaure.
Menkaure is heavily damaged.
Menkaure calls on the powers of darkness!
Your body is wracked with pain!
You barely miss Menkaure.
Menkaure is heavily damaged.
Menkaure calls on the powers of darkness!
Your body is wracked with pain!
* * * LOW HITPOINT WARNING * * *
Menkaure hits you but does no damage.
You hit Menkaure.
Menkaure is heavily damaged.
Menkaure completely misses you.
You hit Menkaure.
Menkaure is severely damaged.
Menkaure calls on the powers of darkness!
Your body is wracked with pain!
* * * LOW HITPOINT WARNING * * *
You barely miss Menkaure.
Menkaure is severely damaged.
Menkaure hits you!
* * * LOW HITPOINT WARNING * * *
You barely miss Menkaure.
Menkaure is severely damaged.
Menkaure hits you but does no damage.
You hit Menkaure but do no damage.
Menkaure is severely damaged.
Menkaure gestures at you while chanting.
Pain shoots through your body!
You die...

##........[................
#........<........##.##....
#..........)...#.##........
#......#..##......##.......
#####..##.................#
#......................
#... #.................
#....##................
#....M@................
.......###..............
....... ##..#.........#
......# ####.......)..
####.# ##...###..... ##
#.....##.##.. #.....######.
#.....# ## ##....#


You could see Menkaure (fast).

Vanquished Creatures
  Maggie (D:6)
  Sigmund (D:4)
  A water moccasin (D:6)
  2 ogres
  2 ice beasts (D:5)
  A necrophage (D:5)
  A centaur (D:5)
  A water moccasin zombie (D:6)
  A water moccasin skeleton (D:4)
  3 centaur zombies (D:6)
  2 bullfrog zombies
  2 hounds
  Crazy Yiuf (D:4)
  2 jellies
  Natasha (thrice) (D:3)
  4 iguanas
  2 orc wizards (D:4)
  2 killer bee zombies (D:6)
  6 adders
  A white imp (D:5)
  2 ufetubi
  An adder skeleton (D:4)
  A worm (D:2)
  6 dart slugs
  12 orcs
  6 endoplasms
  7 giant cockroaches
  3 goblins
  6 hobgoblins
  5 kobolds
  A quokka (D:2)
  10 ball pythons
  4 bats (D:1)
  4 frilled lizards
  A quokka skeleton (D:4)
  7 rats
115 creatures vanquished.

Notes
Turn   | Place    | Note
-------+----------+-------------------------------------------
     0 | D:1      | mcbry74 the Hill Orc Fighter began the quest for the Orb.
     0 | D:1      | Reached XP level 1. HP: 19/19 MP: 1/1
    60 | D:1      | Reached skill level 3 in Axes
    60 | D:1      | Reached XP level 2. HP: 24/27 MP: 2/2
   646 | D:1      | Reached XP level 3. HP: 33/33 MP: 3/3
  1378 | D:2      | Found Daenat's Assorted Antiques.
  1452 | D:2      | Reached XP level 4. HP: 40/40 MP: 4/4
  1898 | D:3      | Noticed Natasha
  1903 | D:3      | Killed Natasha
  1904 | D:3      | Reached skill level 4 in Axes
  1910 | D:3      | Noticed Natasha
  1917 | D:3      | Killed Natasha
  1918 | D:3      | Reached XP level 5. HP: 44/46 MP: 5/5
  1932 | D:3      | Noticed Natasha
  1937 | D:3      | Killed Natasha
  2024 | D:3      | Found a faded altar of an unknown god.
  2096 | D:3      | Reached skill level 5 in Axes
  2405 | D:4      | Reached skill level 5 in Armour
  2611 | D:4      | Noticed an ogre
  2624 | D:3      | Killed an ogre
  2625 | D:3      | Reached XP level 6. HP: 40/52 MP: 6/6
  2697 | D:4      | Reached skill level 6 in Axes
  2962 | D:4      | Noticed Sigmund
  2972 | D:4      | Killed Sigmund
  2973 | D:4      | Reached skill level 7 in Axes
  2973 | D:4      | Reached XP level 7. HP: 47/59 MP: 7/7
  3349 | D:4      | Found a runed translucent door.
  3350 | D:4      | Noticed Crazy Yiuf
  3603 | D:4      | Killed Crazy Yiuf
  3672 | D:5      | Entered Level 5 of the Dungeon
  3731 | D:5      | Reached skill level 8 in Axes
  3738 | D:5      | Reached XP level 8. HP: 22/66 MP: 8/8
  4452 | D:5      | Reached skill level 9 in Axes
  4768 | D:6      | Identified the +1 pair of boots "Guelofronk" {Rampage
                  | rPois}
  4860 | D:6      | Found a basalt altar of Yredelemnul.
  4953 | D:6      | Noticed Maggie
  4974 | D:6      | Paralysed by Maggie for 7 turns
  4988 | D:6      | Killed Maggie
  4989 | D:6      | Reached skill level 10 in Axes
  4989 | D:6      | Reached XP level 9. HP: 15/71 MP: 9/9
  5744 | D:6      | Noticed Menkaure
  5754 | D:6      | HP: 2/71 [Menkaure (9)]
  5756 | D:6      | Killed from afar by Menkaure

Illustrated notes

Levels and vault maps discovered:
D:1:      roderic_chinese_lattice_arrival, layout_loops_ring
D:2:      cheibrodos_helix_gallery, layout_basic, serial_shops, shop
D:3:      layout_rooms, hellmonk_ecumenical_altar_pennies_from_heaven,
          minmay_between, uniq_natasha
D:4:      layout_loops_ring, uniq_crazy_yiuf_cottage, uniq_sigmund
D:5:      layout_loops_ring, nrook_loot_triangle
D:6:      layout_cave_pools, nicolae_yredelemnul_corpse_copse, uniq_maggie,
          uniq_menkaure

Skill      XL: |  1  2  3  4  5  6  7  8 |
---------------+-------------------------+-----
Axes           | 3 4 5 7 8 10 | 10.8
Fighting       | 4 |  4.0
Armour         | 4 5 6 7 9 |  9.4
Shields        | 4 |  4.0

Action                   |  1- 3 |  4- 6 |  7- 9 || total
-------------------------+-------+-------+-------++-------
Melee: War axe           |    74 |   112 |   206 ||   392
Throw: Stone             |       |     4 |     4 ||     8
  Use: Potion            |       |     1 |       ||     1
Armor: Scale mail        |    26 |    52 |   129 ||   207
Dodge: Dodged            |    39 |    46 |   101 ||   186
Block: Buckler           |    21 |    22 |    40 ||    83
